 Dungeon Crawl Stone Soup version 0.27-a0-887-gcab673c142 (webtiles) character file.

Game seed: 14727865536562853098

1579 mhtbhm the Chopper (level 9, -7/102 HPs)
             Began as a Human Berserker on Apr 3, 2021.
             Was a Priest of Trog.
             Mangled by a komodo dragon (16 damage)
             ... on level 6 of the Dungeon on Apr 4, 2021.
             The game lasted 00:06:12 (7861 turns).

mhtbhm the Chopper (Human Berserker)                Turns: 7861, Time: 00:06:12

Health: -7/102     AC:  7    Str: 21    XL:     9   Next: 14%
Magic:  9/9        EV: 13    Int:  7    God:    Trog [***...]
Gold:   343        SH:  5    Dex: 19    Spells: 8/8 levels left

rFire    + . .     SeeInvis .   a - +0 hand axe
rCold    . . .     Faith    .   (no shield)
rNeg     . . .     Spirit   .   b - +0 ring mail
rPois    .         Reflect  +   (no helmet)
rElec    .         Harm     .   (no cloak)
rCorr    .         Rampage  .   i - +0 pair of gloves
Will     .....                  (no boots)
Stlth    ..........             p - amulet of reflection
HPRegen  0.27/turn              f - +6 ring of dexterity
MPRegen  0.11/turn              l - ring of protection from fire

@: berserking, very quick
A: no striking features
a: Renounce Religion, Berserk, Trog's Hand


You were on level 6 of the Dungeon.
You worshipped Trog.
Trog was most pleased with you.
You visited 1 branch of the dungeon, and saw 6 of its levels.

You collected 343 gold pieces.

Inventory:

Hand Weapons
 a - a +0 hand axe (weapon)
Missiles
 h - 39 poisoned darts (quivered)
Armour
 b - a +0 ring mail (worn)
 i - a +0 pair of gloves (worn)
Jewellery
 e - a ring of flight
 f - a +6 ring of dexterity (left hand)
 l - a ring of protection from fire (right hand)
 p - an amulet of reflection (around neck)
Scrolls
 d - a scroll of teleportation
 j - 2 scrolls of fog
 q - a scroll of enchant weapon
 r - a scroll of enchant armour {unknown}
 s - a scroll of holy word {unknown}
 v - a scroll of blinking {unknown}
 w - a scroll of acquirement {unknown}
Potions
 c - a potion of lignification
 g - a potion of might {unknown}
 k - 2 potions of haste {unknown}
 m - 4 potions of flight {unknown}
 n - a potion of heal wounds
 o - 2 potions of curing
 t - a potion of attraction {unknown}
 u - a potion of brilliance {unknown}


   Skills:
 + Level 5.4 Fighting
 + Level 7.1 Axes
 + Level 0.3 Throwing
 + Level 5.2 Armour
 + Level 4.7 Dodging
 - Level 3.2 Stealth
 + Level 1.0 Shields


You had 8 spell levels left.
You didn't know any spells.
Your spell library was empty.

Dungeon Overview and Level Annotations

Branches:
Dungeon (6/15)             Temple (0/1) D:4

Altars:
Elyvilon
Fedhas
Vehumet
Zin

Shops:
D:4 *


Message History

The komodo dragon is severely wounded.
The komodo dragon bites you.
You hit the komodo dragon.
The komodo dragon is severely wounded.
The komodo dragon closely misses you.
You barely miss the komodo dragon.
The komodo dragon is severely wounded.
The komodo dragon bites you but does no damage.
You hit the komodo dragon but do no damage.
The komodo dragon is severely wounded.
You hit the komodo dragon.
The komodo dragon is almost dead.
The komodo dragon barely misses you.
You hit the komodo dragon but do no damage.
The komodo dragon is almost dead.
The komodo dragon bites you!!
* * * LOW HITPOINT WARNING * * *
You are too injured to fight recklessly!
You are too injured to fight recklessly!
You are too injured to fight recklessly!
You are too injured to fight recklessly!
You are too injured to fight recklessly!
You are too injured to fight recklessly!
You are too injured to fight recklessly!
You are too injured to fight recklessly!
You are too injured to fight recklessly!
You are too injured to fight recklessly!
You are too injured to fight recklessly!
You are too injured to fight recklessly!
A red film seems to cover your vision as you go berserk!
You feel yourself moving faster!
You feel mighty! The komodo dragon bites you.
* * * LOW HITPOINT WARNING * * *
You hit the komodo dragon but do no damage.
The komodo dragon is almost dead.
The komodo dragon bites you.
* * * LOW HITPOINT WARNING * * *
You closely miss the komodo dragon.
The komodo dragon is almost dead.
The komodo dragon bites you!
You die...

#######
####.....##########
#>.................
#.@................
#l.##########......
#..# #...... #..#
#######.###'# #...
............. ##.#
#######.#.... #.#
#.#.#.# #.# #.#)#..
#.#.###


You could see a komodo dragon.

Vanquished Creatures
  Sigmund (D:2)
  An orc warrior (D:6)
  An ice beast (D:6)
  A sky beast (D:5)
  A black bear (D:4)
  A centaur (D:6)
  2 phantoms
  3 scorpions
  A water moccasin skeleton (D:6)
  A jelly (D:6)
  4 orc priests
  4 hounds
  A centaur skeleton (D:5)
  2 iguanas
  An orc wizard (D:5)
  A hound skeleton (D:4)
  3 gnolls (D:3)
  6 adders
  A white imp (D:5)
  An ufetubus (D:5)
  2 dart slugs (D:1)
  19 orcs
  8 bats
  6 endoplasms
  3 giant cockroaches
  2 goblins
  6 hobgoblins
  15 jackals
  3 quokkas
  5 ball pythons
  7 frilled lizards
  8 kobolds
  7 rats
128 creatures vanquished.

Notes
Turn   | Place    | Note
-------+----------+-------------------------------------------
     0 | D:1      | mhtbhm the Human Berserker began the quest for the Orb.
     0 | D:1      | Reached XP level 1. HP: 18/18 MP: 1/1
   472 | D:1      | Reached XP level 2. HP: 24/24 MP: 2/2
   828 | D:1      | Reached XP level 3. HP: 17/29 MP: 3/3
  1037 | D:1      | Reached ** piety under Trog
  1621 | D:2      | Reached skill level 1 in Stealth
  1856 | D:2      | Noticed Sigmund
  1868 | D:2      | Killed Sigmund
  1869 | D:2      | Reached skill level 4 in Axes
  1869 | D:2      | Reached XP level 4. HP: 37/37 MP: 4/4
  1869 | D:2      | Reached XP level 5. HP: 42/42 MP: 5/5
  1869 | D:2      | Reached XP level 6. HP: 48/48 MP: 6/6
  3568 | D:3      | Reached skill level 5 in Axes
  3790 | D:3      | Found a white marble altar of Elyvilon.
  3906 | D:3      | Found a radiant altar of Vehumet.
  4010 | D:3      | Reached XP level 7. HP: 54/54 MP: 7/7
  4143 | D:3      | Found a faded altar of an unknown god.
  4404 | D:4      | Found a staircase to the Ecumenical Temple.
  4906 | D:4      | Found Zin's Purification Station.
  4908 | D:4      | Found a glowing silver altar of Zin.
  5336 | D:4      | Found a blossoming altar of Fedhas.
  5374 | D:5      | Entered Level 5 of the Dungeon
  5574 | D:5      | Reached *** piety under Trog
  5575 | D:5      | Reached XP level 8. HP: 61/61 MP: 8/8
  5632 | D:5      | Reached skill level 6 in Axes
  6871 | D:6      | Reached skill level 5 in Fighting
  7118 | D:6      | Reached skill level 5 in Armour
  7410 | D:6      | Reached XP level 9. HP: 67/68 MP: 9/9
  7452 | D:6      | Reached skill level 7 in Axes
  7478 | D:6      | HP: 3/68 [orc priest/divine providence (16)]
  7488 | D:6      | Reached skill level 1 in Shields
  7832 | D:6      | Noticed a komodo dragon
  7861 | D:6      | Mangled by a komodo dragon

Illustrated notes

Levels and vault maps discovered:
D:1:      sevenhm_arrival_forest_fort_small_4, layout_loops_corners,
          minmay_cut_off
D:2:      layout_basic, minmay_fractal_squares_gapless_5, uniq_sigmund
D:3:      layout_rooms, elyvilon_altar_5, nicolae_vehumet_radiance,
          basic_ecumenical_altar
D:4:      layout_loops_ring, marbit_many_paths, zin_purify, temple_statues,
          solitary_fountain
D:5:      layout_cave_pools
D:6:      layout_basic

Skill      XL: |  1  2  3  4  5  6  7  8  9 |
---------------+----------------------------+-----
Stealth        | 2 3 |  3.2
Axes           | 4 5 6 7 |  7.1
Dodging        | 3 4 |  4.7
Fighting       | 4 5 |  5.4
Armour         | 3 5 |  5.2
Shields        | 1 |  1.0
Throwing       | |  0.3

Action                   |  1- 3 |  4- 6 |  7- 9 || total
-------------------------+-------+-------+-------++-------
Melee: Hand axe          |   109 |   131 |   280 ||   520
Throw: Dart              |       |       |     5 ||     5
Invok: Berserk           |     2 |     3 |     7 ||    12
  Use: Potion            |     2 |       |     2 ||     4
       Scroll            |       |       |     6 ||     6
 Stab: Sleeping          |     2 |     3 |     2 ||     7
       Distracted        |       |       |     1 ||     1
Armor: Animal skin       |    22 |       |       ||    22
       Leather armour    |     6 |    19 |       ||    25
       Ring mail         |       |    16 |   101 ||   117
Dodge: Dodged            |    84 |   104 |   184 ||   372
Block: Other             |       |       |    32 ||    32

Table legend: (Time is in decaauts)
 A = Elapsed time spent in this place.
 B = Non-inter-level travel time spent in this place.
 C = Inter-level travel time spent in this place.
 D = Time resting spent in this place.
 E = Time spent auto-exploring this place.
 F = Levels seen in this place.
 G = Mean time per level.
                   A        B        C        D        E       F      G
               +--------+--------+--------+--------+--------+-----+--------+
         Total |   7980 |   7903 |     77 |   2137 |   4650 |   6 | 1330.0 |
       Dungeon |   7980 |   7903 |     77 |   2137 |   4650 |   6 | 1330.0 |
               +--------+--------+--------+--------+--------+-----+--------+

Top non-repeatable levels by time:
     D:1: 1617 daAuts
     D:2: 1562 daAuts
     D:6: 1279 daAuts
     D:5: 1243 daAuts
     D:4: 1187 daAuts
     D:3: 1090 daAuts
